 Dungeon Crawl Stone Soup version 0.24.1-14-gf8d2b509d9 (webtiles) character file.

Game seed: 5954454267790443256, levelgen mode: deterministic

260 Beta4Lyfe the Shooter (level 5, -2/46 HPs)
             Began as a Centaur Wanderer on Feb 14, 2021.
             Slain by an orc
             ... wielding a +0 club
              (4 damage)
             ... on level 4 of the Dungeon.
             The game lasted 00:05:10 (3015 turns).

Beta4Lyfe the Shooter (Centaur Wanderer)            Turns: 3015, Time: 00:05:10

Health: -2/46      AC:  6    Str: 15    XL:     5   Next: 95%
Magic:  5/5        EV:  8    Int: 11    God:
Gold:   148        SH:  0    Dex:  9    Spells: 4/4 levels left

rFire    . . .     SeeInvis .   b - +0 long sword
rCold    . . .     Gourm    .   (no shield)
rNeg     . . .     Faith    .   c - +0 ring mail
rPois    .         Spirit   .   (no helmet)
rElec    .         Reflect  .   (no cloak)
rCorr    .         Harm     .   (no gloves)
MR       .....                  (no barding)
Stlth    ..........             (no amulet)
HPRegen  0.15/turn              (no ring)
MPRegen  0.09/turn              (no ring)

@: very quick
A: large, hooves 3, deformed body, speed 2, tough skin 3
a: no special abilities


You were on level 4 of the Dungeon.
You were not hungry.

You visited 1 branch of the dungeon, and saw 4 of its levels.

You collected 148 gold pieces.


Innate Abilities, Weirdness & Mutations

You have hooves in place of feet.
Armour fits poorly on your strangely shaped body.
You cover ground very quickly.
You have extremely tough skin. (AC +3)


   Skills:
 + Level 4.2 Fighting
 * Level 5.9 Bows
 - Level 1.1 Throwing
 - Level 2.9 Armour
 + Level 1.6 Dodging
   Level 1.0 Evocations


You had 4 spell levels left.
You didn't know any spells.
Your spell library was empty.

Inventory:

Hand Weapons
 a - a +2 shortbow
 b - a +0 long sword (weapon)
 g - a +0 dagger
Missiles
 j - 7 poisoned darts (quivered)
 l - 74 arrows
Armour
 c - a +0 ring mail (worn)
Jewellery
 q - an uncursed amulet of harm {unknown}
 s - an uncursed amulet of rage {unknown}
 u - an uncursed ring of flight {unknown}
 E - a +1 ring of evasion
 P - an uncursed ring of poison resistance
Scrolls
 h - a scroll of amnesia {unknown}
 i - a scroll of remove curse {unknown}
 k - a scroll of fog {unknown}
 n - a scroll of immolation {unknown}
 p - a scroll of identify {unknown}
 v - a scroll of teleportation {unknown}
Potions
 d - 3 potions of lignification {!q}
 e - 2 potions of might {unknown}
 m - a potion of degeneration {unknown}
 o - 2 potions of brilliance {unknown}
 t - a potion of agility {unknown}
Comestibles
 f - 4 rations {@e1}
 r - a chunk of flesh

Dungeon Overview and Level Annotations

Branches:
Dungeon (4/15)
 Temple: D:4-7

Altars:
Ashenzari
Elyvilon

♣♣♣ . #####♣♣ ♣♣♣.♣♣ o.
##.....♣♣ ♣♣..... ... #
##.......♣♣♣......
...o#.#...≈≈≈...♣...≈≈≈.
..o..#@o≈≈≈≈≈.....≈≈≈≈≈
#.ooo≈≈♣≈≈.....≈≈⚑≈≈
#....≈≈≈≈≈.....≈≈≈≈≈
#.#...≈≈≈...♣...≈≈≈.
#..#.......♣♣♣...(..
......#.....♣♣ ♣♣.....
#####.######♣♣ ♣♣♣.♣♣ #.
♣♣♣ #.


You could see 3 orc priests and an orc.


Message History

The orc wizard gestures wildly while chanting.
The orc wizard flickers and vanishes!
Deactivating autopickup; reactivate with Ctrl-A.
The orc priest hits you but does no damage. x2
Unknown command.
You closely miss the orc priest. Your kick misses the orc priest.
The orc priest looks satisfied for a moment.
The orc hits you with a +0 club.
* * * LOW HITPOINT WARNING * * *
The orc priest hits you with a +0 whip!
* * * LOW HITPOINT WARNING * * *
The orc priest hits you but does no damage.
The orc priest looks braver for a moment.
You barely miss the orc priest. Your kick misses the orc priest.
The orc hits you with a +0 club.
* * * LOW HITPOINT WARNING * * *
The orc priest misses you.
The orc priest hits you with a +0 dagger.
* * * LOW HITPOINT WARNING * * *
The orc priest closely misses you.
You riposte.
You hit the orc priest but do no damage.
The orc hits you with a +0 club.
* * * LOW HITPOINT WARNING * * *
The orc priest hits you with a +0 whip.
* * * LOW HITPOINT WARNING * * *
You closely miss the orc priest.
You kick the orc priest, but do no damage.
The orc priest hits you but does no damage.
The orc priest closely misses you. The orc hits you with a +0 club.
You die...

Skill      XL: |  1  2  3  4  5 |
---------------+----------------+-----
Bows           | 2 3 4 5 |  5.9
Dodging        | 1 |  1.6
Fighting       | 4 |  4.2
Throwing       | |  1.1
Armour         | |  2.9
Evocations     | |  1.0

Action                   |  1- 3 |  4- 6 || total
-------------------------+-------+-------++-------
Melee: Dagger            |    83 |       ||    83
       Kick              |    14 |    19 ||    33
       Long sword        |       |   102 ||   102
 Fire: Shortbow          |    35 |    29 ||    64
  Eat: Chunk             |       |     5 ||     5
Armor: Ring mail         |    30 |    61 ||    91
Dodge: Dodged            |    30 |    65 ||    95
       Rpst.: Long sword |       |    19 ||    19

Levels and vault maps discovered:
D:1:      erik_arrival_blinker_ship, layout_basic, serial_forest,
          infiniplex_forest_clump_double, infiniplex_forest_clump_tiny,
          infiniplex_forest_zigzag_1, infiniplex_forest_lined_corner,
          infiniplex_forest_lined_room_3, infiniplex_forest_clump_medium,
          infiniplex_forest_clump_tiny, infiniplex_forest_lined_room_2,
          minmay_pentomino_q2
D:2:      layout_basic, ashenzari_conservatory_becter
D:3:      wad_lake_hut, layout_loops_ring
D:4:      layout_loops_ring, elyvilon_altar_3, old_standard_altar,
          nicolae_overflow_crystal_walls, portal_sewer_entry_b, first_ration,
          minmay_strange_pillars, uniq_ijyb

Notes
Turn   | Place    | Note
-------+----------+-------------------------------------------
     0 | D:1      | Beta4Lyfe the Centaur Wanderer began the quest for the Orb.
     0 | D:1      | Beta4Lyfe set off with the following items: a +2 shortbow,
                  | 26 arrows, a +0 ring mail, a potion of lignification {!q},
                  | a ration {@e1}
     0 | D:1      | Reached XP level 1. HP: 19/19 MP: 1/1
    25 | D:1      | Reached skill level 2 in Bows
   115 | D:1      | Reached XP level 2. HP: 22/26 MP: 2/2
   463 | D:1      | Reached skill level 3 in Bows
   720 | D:2      | Reached XP level 3. HP: 30/31 MP: 3/3
   835 | D:2      | Found a shattered altar of Ashenzari.
   973 | D:2      | Noticed a bullfrog
   980 | D:2      | Killed a bullfrog
   980 | D:2      | Reached skill level 4 in Bows
   980 | D:2      | Reached skill level 1 in Dodging
   980 | D:2      | Reached XP level 4. HP: 34/40 MP: 4/4
  1503 | D:2      | Reached skill level 5 in Bows
  1503 | D:2      | Reached XP level 5. HP: 38/46 MP: 5/5
  1793 | D:3      | Reached skill level 4 in Fighting
  2981 | D:4      | Found a white marble altar of Elyvilon.
  3014 | D:4      | HP: 4/46 [orc/+0 club (2)]
  3015 | D:4      | Slain by an orc

Vanquished Creatures
  A bullfrog (D:2)
  2 orc wizards (D:3)
  4 gnolls (D:3)
  3 adders (D:2)
  A worm (D:2)
  A dart slug (D:2)
  2 leopard geckos
  3 orcs (D:3)
  4 bats
  5 giant cockroaches
  7 goblins
  12 hobgoblins
  6 jackals (D:2)
  A ball python (D:1)
  3 frilled lizards
  3 kobolds
  6 rats
64 creatures vanquished.

Table legend:
 A = Turns spent in this place as a percentage of turns spent in the entire game.
 B = Non-inter-level travel turns spent in this place as a percentage of non-inter-level travel turns spent in the entire game.
 C = Inter-level travel turns spent in this place as a percentage of turns spent in this place.
 D = Turns resting spent in this place as a percentage of non-inter-level travel turns spent in this place.
 E = Turns spent auto-exploring this place as a percentage of non-inter-level travel turns spent in this place.
 F = Non-inter-level travel turns spent in this place divided by the number of levels of this place that you've seen.
                   A       B       C       D       E      F
               +-------+-------+-------+-------+-------+----------------------
         Total | 100.0 | 100.0 |   3.5 |  21.1 |  56.1 | 727.5
       Dungeon | 100.0 | 100.0 |   3.5 |  21.1 |  56.1 | 727.5
               +-------+-------+-------+-------+-------+----------------------

Table legend:
 A = Non-vault XP
 B = Vault XP
 C = Vault XP percentage of total XP
 D = Non-vault monster count
 E = Vault monster count
 F = Vault count percentage of total count
                 A         B        C        D         E       F
            +---------+---------+-------+---------+---------+-------
      Total |     369 |       3 |   0.8 |      62 |       2 |   3.1
            +---------+---------+-------+---------+---------+-------
        D:1 |      35 |       3 |   7.9 |      20 |       2 |   9.1
        D:2 |     175 |       0 |   0.0 |      25 |       0 |   0.0
        D:3 |     157 |       0 |   0.0 |      16 |       0 |   0.0
        D:4 |       2 |       0 |   0.0 |       1 |       0 |   0.0
            +---------+---------+-------+---------+---------+-------
